3AA
SALEM MISFITS @ SAN BERNARDINO GRASSHOPPERS
07/11/2024
 
TOP OF THE 1ST
Salem Misfits batting - Pitching for San Bernardino Grasshoppers : RHP Juan Montoya
Pitching: RHP Juan Montoya
Batting: RHB Jesús Cisneros 0-0: Foul Ball, location: 2F
0-1: Ball
1-1: Called Strike
1-2: Fly out, F8 (Flyball, 8LM)
Batting: RHB Raúl Reyna 0-0: Ball
1-0: Fly out, F4 (Popup, 4)
Batting: SHB Fernando Sánchez 0-0: Ball
1-0: Called Strike
1-1: Fly out, F7 (Flyball, 78D)
Top of the 1st over - 0 run(s), 0 hit(s), 0 error(s), 0 left on base; Salem 0 - San Bernardino 0
BOTTOM OF THE 1ST
San Bernardino Grasshoppers batting - Pitching for Salem Misfits : RHP Frank Veeck
Pitching: RHP Frank Veeck
Batting: LHB Natale Langushi 0-0: Swinging Strike
0-1: Fly out, F8 (Flyball, 8LXD)
Batting: RHB Matt Roloff 0-0: Fly out, F8 (Flyball, 8RXD)
Batting: RHB Alonso Rivera 0-0: Ground out 5-3 (Groundball, 56)
Bottom of the 1st over - 0 run(s), 0 hit(s), 0 error(s), 0 left on base; Salem 0 - San Bernardino 0
TOP OF THE 2ND
Salem Misfits batting - Pitching for San Bernardino Grasshoppers : RHP Juan Montoya
Batting: LHB José Corona 0-0: Ball
1-0: Swinging Strike
1-1: Swinging Strike
1-2: Foul Ball, location: 2F
1-2: Ball
2-2: Foul Ball, location: 2F
2-2: Foul Ball, location: 2F
2-2: Strikes out swinging
Batting: RHB Jim Unknown 0-0: Ground out 5-3 (Groundball, 5)
Batting: LHB Brent van Schoonhoven 0-0: Ball
1-0: Fly out, F9 (Line Drive, 89M)
Top of the 2nd over - 0 run(s), 0 hit(s), 0 error(s), 0 left on base; Salem 0 - San Bernardino 0
BOTTOM OF THE 2ND
San Bernardino Grasshoppers batting - Pitching for Salem Misfits : RHP Frank Veeck
Batting: RHB Brandon Cole 0-0: Called Strike
0-1: Foul Ball, location: 2F
0-2: Foul Ball, location: 2F
0-2: Ball
1-2: Ball
2-2: Ground out 4-3 (Groundball, 34)
Batting: RHB Jay Kidd 0-0: Ball
1-0: Ground out 6-3 (Groundball, 6M)
Batting: SHB Bradley Rowe 0-0: Ball
1-0: Foul Ball, location: 2F
1-1: Swinging Strike
1-2: Strikes out looking
Bottom of the 2nd over - 0 run(s), 0 hit(s), 0 error(s), 0 left on base; Salem 0 - San Bernardino 0
TOP OF THE 3RD
Salem Misfits batting - Pitching for San Bernardino Grasshoppers : RHP Juan Montoya
Batting: RHB Ernesto Souza 0-0: Ball
1-0: Called Strike
1-1: Called Strike
1-2: Ball
2-2: Fly out, F7 (Flyball, 7S)
Batting: RHB Ramón Ávila 0-0: Called Strike
0-1: Foul Ball, location: 2F
0-2: Strikes out swinging
Batting: RHB Miguel Torres 0-0: Ball
1-0: Foul Ball, location: 2F
1-1: Swinging Strike
1-2: Foul Ball, location: 2F
1-2: Strikes out swinging
Top of the 3rd over - 0 run(s), 0 hit(s), 0 error(s), 0 left on base; Salem 0 - San Bernardino 0
BOTTOM OF THE 3RD
San Bernardino Grasshoppers batting - Pitching for Salem Misfits : RHP Frank Veeck
Batting: RHB Manny Cervantes 0-0: Called Strike
0-1: Ball
1-1: Called Strike
1-2: Fly out, F7 (Flyball, 78M)
Batting: SHB Noel King 0-0: Ball
1-0: Called Strike
1-1: Swinging Strike
1-2: Strikes out looking
Batting: RHB Arnold Giroux 0-0: Called Strike
0-1: Called Strike
0-2: Foul Ball, location: 2F
0-2: Foul Ball, location: 2F
0-2: Foul Ball, location: 2F
0-2: Fly out, F8 (Flyball, 8RM)
Bottom of the 3rd over - 0 run(s), 0 hit(s), 0 error(s), 0 left on base; Salem 0 - San Bernardino 0
TOP OF THE 4TH
Salem Misfits batting - Pitching for San Bernardino Grasshoppers : RHP Juan Montoya
Batting: RHB Jesús Cisneros 0-0: Ball
1-0: Ball
2-0: Ground out 4-3 (Groundball, 4M)
Batting: RHB Raúl Reyna 0-0: Foul Ball, location: 2F
0-1: SINGLE (Groundball, 6D)
Batting: SHB Fernando Sánchez 0-0: Ball
1-0: Called Strike
1-1: Swinging Strike
1-2: Foul Ball, location: 2F
1-2: Ball
2-2: Foul Ball, location: 2F
2-2: Foul Ball, location: 2F
2-2: Ball
Raúl Reyna steals 2nd base
3-2: Foul Ball, location: 2F
3-2: Fly out, F8 (Line Drive, 8RD)
Batting: LHB José Corona 0-0: Ball
1-0: Ball
2-0: Ball
3-0: Base on Balls
Batting: RHB Jim Unknown 0-0: Called Strike
0-1: SINGLE (Groundball, 56D)
Raúl Reyna to third
José Corona to second
Runner from 3rd tries for Home, SAFE, no throw or cutoff
Batting: LHB Brent van Schoonhoven 0-0: Ball
1-0: Foul Ball, location: 2F
1-1: Foul Ball, location: 2F
1-2: Ball
2-2: SINGLE (Flyball, 7S)
José Corona to third
Jim Unknown to second
Throwing error, E7
José Corona scores
Jim Unknown to third
Brent van Schoonhoven to second
Batting: RHB Ernesto Souza 0-0: Ball
1-0: Called Strike
1-1: Ball
2-1: Ball
3-1: Base on Balls
Batting: RHB Ramón Ávila 0-0: Ball
1-0: Ball
2-0: Foul Ball, location: 2F
2-1: Foul Ball, location: 2F
2-2: Fly out, F9 (Popup, 4D)
Top of the 4th over - 2 run(s), 3 hit(s), 1 error(s), 3 left on base; Salem 2 - San Bernardino 0
BOTTOM OF THE 4TH
San Bernardino Grasshoppers batting - Pitching for Salem Misfits : RHP Frank Veeck
Batting: LHB Natale Langushi 0-0: Called Strike
0-1: Ball
1-1: Ball
2-1: Ball
3-1: Swinging Strike
3-2: Base on Balls
Batting: RHB Matt Roloff 0-0: Swinging Strike
0-1: Foul Ball, location: 2F
0-2: Foul Ball, location: 2F
0-2: Ball
1-2: Strikes out swinging
Batting: RHB Alonso Rivera 0-0: Called Strike
0-1: Ball
1-1: Ball
2-1: Foul Ball, location: 2F
2-2: Ball
3-2: Foul Ball, location: 2F
3-2: Base on Balls
Natale Langushi to second
Batting: RHB Brandon Cole 0-0: Ball
1-0: Ball
2-0: Ball
3-0: Base on Balls
Natale Langushi to third
Alonso Rivera to second
Batting: RHB Jay Kidd 0-0: Fly out, F9 (Line Drive, 9M)
Runner from 3rd tags up, SCORES, throw made
Batting: SHB Bradley Rowe 0-0: Swinging Strike
0-1: Ball
1-1: Swinging Strike
1-2: Ball
2-2: Foul Ball, location: 2F
2-2: Ball
3-2: Ground out 4-3 (Groundball, 4)
Bottom of the 4th over - 1 run(s), 0 hit(s), 0 error(s), 2 left on base; Salem 2 - San Bernardino 1
TOP OF THE 5TH
Salem Misfits batting - Pitching for San Bernardino Grasshoppers : RHP Juan Montoya
Batting: RHB Miguel Torres 0-0: Called Strike
0-1: Ball
1-1: Swinging Strike
1-2: Foul Ball, location: 2F
1-2: Foul Ball, location: 2F
1-2: Strikes out swinging
Batting: RHB Jesús Cisneros 0-0: Ball
1-0: Called Strike
1-1: Swinging Strike
1-2: Strikes out swinging
Batting: RHB Raúl Reyna 0-0: Called Strike
0-1: Ball
1-1: Ground out 5-3 (Groundball, 56)
Top of the 5th over - 0 run(s), 0 hit(s), 0 error(s), 0 left on base; Salem 2 - San Bernardino 1
BOTTOM OF THE 5TH
San Bernardino Grasshoppers batting - Pitching for Salem Misfits : RHP Frank Veeck
Batting: RHB Manny Cervantes 0-0: Ball
1-0: Ball
2-0: Called Strike
2-1: Fly out, F7 (Flyball, 7LSF)
Batting: SHB Noel King 0-0: Called Strike
0-1: Ball
1-1: Ball
2-1: Ball
3-1: Base on Balls
Batting: RHB Arnold Giroux 0-0: Ball
1-0: Ball
Noel King steals 2nd base
2-0: Foul Ball, location: 2F
2-1: Ground out 1-3 (Groundball, 13S)
Noel King to third
Batting: LHB Natale Langushi 0-0: Ball
1-0: Ball
2-0: Foul Ball, location: 2F
2-1: Called Strike
2-2: Ball
3-2: Fly out, F7 (Flyball, 78M)
Bottom of the 5th over - 0 run(s), 0 hit(s), 0 error(s), 1 left on base; Salem 2 - San Bernardino 1
TOP OF THE 6TH
Salem Misfits batting - Pitching for San Bernardino Grasshoppers : RHP Juan Montoya
Batting: SHB Fernando Sánchez 0-0: Called Strike
0-1: Reached on Error, E6 (Popup, 6)
Batting: LHB José Corona 0-0: Foul Ball, location: 2F
0-1: Ball
1-1: Swinging Strike
1-2: Strikes out swinging
Batting: RHB Jim Unknown 0-0: Called Strike
0-1: Ball
1-1: Swinging Strike
1-2: Ball
2-2: Ball
3-2: Foul Ball, location: 2F
3-2: Base on Balls
Fernando Sánchez to second
Pitching: LHP Dan McBride
Batting: LHB Brent van Schoonhoven 0-0: Called Strike
0-1: Swinging Strike
0-2: Strikes out swinging
Batting: RHB Ernesto Souza 0-0: Swinging Strike
0-1: Swinging Strike
0-2: Ball
1-2: Foul Ball, location: 2F
1-2: Strikes out swinging
Top of the 6th over - 0 run(s), 0 hit(s), 1 error(s), 2 left on base; Salem 2 - San Bernardino 1
BOTTOM OF THE 6TH
San Bernardino Grasshoppers batting - Pitching for Salem Misfits : RHP Frank Veeck
Batting: RHB Matt Roloff 0-0: Ball
1-0: Fly out, F3 (Popup, 3SF)
Batting: RHB Alonso Rivera 0-0: Ball
1-0: Ground out 5-3 (Groundball, 56)
Batting: RHB Brandon Cole 0-0: Called Strike
0-1: Swinging Strike
0-2: Ball
1-2: Strikes out swinging
Bottom of the 6th over - 0 run(s), 0 hit(s), 0 error(s), 0 left on base; Salem 2 - San Bernardino 1
TOP OF THE 7TH
Salem Misfits batting - Pitching for San Bernardino Grasshoppers : LHP Dan McBride
Batting: RHB Ramón Ávila 0-0: Called Strike
0-1: Ground out 2-3 (Groundball, 2R)
Batting: RHB Miguel Torres 0-0: Foul Ball, location: 2F
0-1: SINGLE (Line Drive, 6M)
Pinch Hitting: SHB Jim Unknown 0-0: Ball
1-0: Called Strike
1-1: SINGLE (Line Drive, 56D)
Miguel Torres to second
Batting: RHB Raúl Reyna 0-0: Called Strike
0-1: Foul Ball, location: 2F
0-2: Ball
1-2: SINGLE (Line Drive, 4MD)
Miguel Torres to third
Jim Unknown to second
Batting: SHB Fernando Sánchez 0-0: Ground out 6-3 (Groundball, 6MS)
Miguel Torres scores
Jim Unknown to third
Raúl Reyna to second
Batting: LHB José Corona 0-0: Foul Ball, location: 2F
0-1: Ball
1-1: Foul Ball, location: 2F
1-2: Ball
2-2: Foul Ball, location: 2F
2-2: Foul Ball, location: 2F
2-2: Foul Ball, location: 2F
2-2: Foul Ball, location: 2F
2-2: Foul Ball, location: 2F
2-2: Foul Ball, location: 2F
2-2: Foul Ball, location: 2F
2-2: Ground out 4-3 (Groundball, 4)
Top of the 7th over - 1 run(s), 3 hit(s), 0 error(s), 2 left on base; Salem 3 - San Bernardino 1
BOTTOM OF THE 7TH
San Bernardino Grasshoppers batting - Pitching for Salem Misfits : RHP Frank Veeck
Now at 3B: Jim Unknown
Batting: RHB Jay Kidd 0-0: Ground out 4-3 (Groundball, 13)
Batting: SHB Bradley Rowe 0-0: Swinging Strike
0-1: Ball
1-1: SOLO HOME RUN (Flyball, 8RXD), Distance : 440 ft
Batting: RHB Manny Cervantes 0-0: Swinging Strike
0-1: Foul Ball, location: 2F
0-2: Ball
1-2: Strikes out swinging
Batting: SHB Noel King 0-0: Ball
Single, Error in OF, E7, batter to second base
Pitching: LHP Dorian Daly
Pinch Hitting: RHB Steve Jones 0-0: Ball
1-0: Ball
2-0: Ball
3-0: Called Strike
3-1: Base on Balls
Pinch Hitting: RHB José Paz 0-0: Swinging Strike
0-1: Foul Ball, location: 2F
0-2: Ball
1-2: Strikes out looking
Bottom of the 7th over - 1 run(s), 2 hit(s), 1 error(s), 2 left on base; Salem 3 - San Bernardino 2
TOP OF THE 8TH
Salem Misfits batting - Pitching for San Bernardino Grasshoppers : LHP Dan McBride
Now at 1B: José Paz
Now at SS: Dale O'Sullivan
Batting: RHB Jim Unknown 0-0: Ball
1-0: SINGLE (Groundball, 6) (infield hit)
Batting: LHB Brent van Schoonhoven 0-0: Ball
1-0: Called Strike
1-1: Grounds into double play, 4-6-3 (Groundball, 34)
Batting: RHB Ernesto Souza 0-0: Foul Ball, location: 2F
0-1: Ball
1-1: Swinging Strike
1-2: Strikes out swinging
Top of the 8th over - 0 run(s), 1 hit(s), 0 error(s), 0 left on base; Salem 3 - San Bernardino 2
BOTTOM OF THE 8TH
San Bernardino Grasshoppers batting - Pitching for Salem Misfits : LHP Dorian Daly
Batting: RHB Matt Roloff 0-0: Swinging Strike
0-1: Ball
1-1: Swinging Strike
1-2: Ball
2-2: Foul Ball, location: 2F
2-2: Ball
3-2: Strikes out swinging
Batting: RHB Alonso Rivera 0-0: Swinging Strike
0-1: Called Strike
0-2: Strikes out swinging
Batting: RHB Brandon Cole 0-0: Ground out 5-3 (Groundball, 5S)
Bottom of the 8th over - 0 run(s), 0 hit(s), 0 error(s), 0 left on base; Salem 3 - San Bernardino 2
TOP OF THE 9TH
Salem Misfits batting - Pitching for San Bernardino Grasshoppers : LHP Dan McBride
Pitching: RHP Manny Hernández
Batting: RHB Ramón Ávila 0-0: Foul Ball, location: 2F
0-1: Foul Ball, location: 2F
0-2: Ball
1-2: Ball
2-2: Ball
3-2: Foul Ball, location: 2F
3-2: Fly out, F6 (Line Drive, 6)
Batting: RHB Miguel Torres 0-0: Called Strike
0-1: Ground out 5-3 (Groundball, 5)
Batting: SHB Jim Unknown 0-0: Ball
1-0: Ball
2-0: Ball
3-0: Called Strike
3-1: SINGLE (Groundball, 13) (infield hit)
Batting: RHB Raúl Reyna 0-0: Called Strike
0-1: Foul Ball, location: 2F
0-2: Ball
1-2: Foul Ball, location: 2F
1-2: Foul Ball, location: 2F
1-2: Reached on error, E6 (Groundball, 6)
Jim Unknown to second
Batting: SHB Fernando Sánchez 0-0: Ball
1-0: Ball
2-0: Fly out, F7 (Flyball, 7D)
Top of the 9th over - 0 run(s), 1 hit(s), 1 error(s), 2 left on base; Salem 3 - San Bernardino 2
BOTTOM OF THE 9TH
San Bernardino Grasshoppers batting - Pitching for Salem Misfits : LHP Dorian Daly
Pitching: RHP Rob Rocha
Pinch Hitting: RHB Pedro Álvarez 0-0: Ball
1-0: Foul Ball, location: 2F
1-1: Foul Ball, location: 2F
1-2: Ball
2-2: Strikes out swinging, 2-3 out at first.
Batting: SHB Bradley Rowe 0-0: Ball
1-0: Foul Ball, location: 2F
1-1: Foul Ball, location: 2F
1-2: Strikes out swinging
Pinch Hitting: RHB Roberto Ruíz 0-0: Called Strike
0-1: Foul Ball, location: 2F
0-2: Strikes out swinging
Bottom of the 9th over - 0 run(s), 0 hit(s), 0 error(s), 0 left on base; Salem 3 - San Bernardino 2
This league is powered by Out of the Park Baseball, the baseball management simulation game for PC, Mac and Linux
Monday, October 3rd, 2016 - OOTP Baseball 16.9 Build 39